SL
GRAFTON MIDDIES @ NEW AMSTERDAM DUTCHMEN
09/13/2030
 
TOP OF THE 1ST
Grafton Middies batting - Pitching for New Amsterdam Dutchmen : LHP Walt Coffman
Pitching: LHP Walt Coffman
Batting: RHB Pedro Santos 0-0: Called Strike
0-1: Called Strike
0-2: Ball
1-2: Ball
2-2: Ball
3-2: Ground out 5-3 (Groundball, 56)
Batting: RHB Carlos Maldonado 0-0: Ball
1-0: Ball
2-0: Foul Ball, location: 2F
2-1: Called Strike
2-2: Ball
3-2: SOLO HOME RUN (Flyball, 7LD), Distance : 358 ft
Batting: LHB Mario Ramos 0-0: Called Strike
0-1: Foul Ball, location: 2F
0-2: Ball
1-2: SINGLE (Groundball, 4D)
Batting: RHB Stefano Gaddi 0-0: Ball
1-0: Called Strike
1-1: Foul Ball, location: 2F
1-2: Grounds into double play, 6-4-3 (Groundball, 6)
Top of the 1st over - 1 run, 2 hits, 0 errors, 0 left on base; Grafton 1 - New Amsterdam 0
BOTTOM OF THE 1ST
New Amsterdam Dutchmen batting - Pitching for Grafton Middies : RHP Don Blessing
Pitching: RHP Don Blessing
Batting: RHB Jon Osterman 0-0: Ball
1-0: Foul Ball, location: 2F
1-1: SINGLE (Flyball, 5D)
Batting: RHB Enrique Morales 0-0: Called Strike
0-1: Ball
Jon Osterman is caught stealing 2nd base
1-1: SINGLE (Line Drive, 6MD)
Batting: LHB SaQwan Hackett 0-0: Called Strike
0-1: Swinging Strike
0-2: Strikes out swinging
Enrique Morales steals 2nd base
Batter strikes out.
Batting: LHB Félix López 0-0: Swinging Strike
0-1: Ball
1-1: Foul Ball, location: 2F
1-2: SINGLE (Groundball, 6MD)
Enrique Morales to third
Runner from 3rd tries for Home, SAFE, throw made home
Batting: LHB Jorge Vargas 0-0: DOUBLE (Flyball, 8RXD)
Félix López to third
Batting: RHB John Burton 0-0: Called Strike
0-1: Called Strike
0-2: Ball
1-2: Ground out 5-3 (Groundball, 5S)
Bottom of the 1st over - 1 run, 4 hits, 0 errors, 2 left on base; Grafton 1 - New Amsterdam 1
TOP OF THE 2ND
Grafton Middies batting - Pitching for New Amsterdam Dutchmen : LHP Walt Coffman
Batting: LHB Phil MacNamara 0-0: Ball
1-0: Foul Ball, location: 2F
1-1: Called Strike
1-2: Ball
2-2: Strikes out swinging
Batting: LHB Jorge Flores 0-0: Foul Ball, location: 2F
0-1: Fly out, F7 (Flyball, 7)
Batting: RHB Orlando Reyes 0-0: Called Strike
0-1: Ball
1-1: Ground out 4-3 (Groundball, 4M)
Top of the 2nd over - 0 runs, 0 hits, 0 errors, 0 left on base; Grafton 1 - New Amsterdam 1
BOTTOM OF THE 2ND
New Amsterdam Dutchmen batting - Pitching for Grafton Middies : RHP Don Blessing
Batting: LHB Cornelius Taitt 0-0: Foul Ball, location: 2F
0-1: Foul Ball, location: 2F
0-2: Hit by Pitch
Batting: RHB Mario Rivera 0-0: Ball
1-0: Called Strike
Cornelius Taitt steals 2nd base
1-1: Ball
2-1: Ball
3-1: Base on Balls
Batting: RHB David Pérez 0-0: Called Strike
0-1: Ball
1-1: SINGLE (Groundball, 6MD)
Cornelius Taitt to third
Mario Rivera to second
Runner from 3rd tries for Home, SAFE, no throw
Batting: RHB Jon Osterman 0-0: Called Strike
0-1: DOUBLE (Groundball, 5L)
Mario Rivera scores
David Pérez to third
Runner from 3rd tries for Home, SAFE, no throw
Batting: RHB Enrique Morales 0-0: Called Strike
0-1: Called Strike
Throwing error on steal attempt, E2
Jon Osterman scores
0-2: Ball
1-2: Ball
2-2: Ground out 5-3 (Groundball, 56S)
Batting: LHB SaQwan Hackett 0-0: Ground out U3 (Groundball, 3L)
Batting: LHB Félix López 0-0: Ball
1-0: Ball
2-0: Ball
3-0: Base on Balls
Batting: LHB Jorge Vargas 0-0: Called Strike
0-1: Ball
1-1: Ball
2-1: Ball
3-1: Base on Balls
Félix López to second
Batting: RHB John Burton 0-0: Ball
1-0: Ball
2-0: Called Strike
2-1: Ball
3-1: Foul Ball, location: 2F
3-2: Base on Balls
Félix López to third
Jorge Vargas to second
Batting: LHB Cornelius Taitt 0-0: Called Strike
0-1: Ball
1-1: Fly out, F8 (Flyball, 8RS)
Bottom of the 2nd over - 4 runs, 2 hits, 1 error, 3 left on base; Grafton 1 - New Amsterdam 5
TOP OF THE 3RD
Grafton Middies batting - Pitching for New Amsterdam Dutchmen : LHP Walt Coffman
Batting: LHB Juan Caro 0-0: Called Strike
0-1: Ball
1-1: Called Strike
1-2: Strikes out swinging, 2-3 out at first.
Batting: RHB Ramón Gómez 0-0: Ball
1-0: Ball
2-0: Swinging Strike
2-1: Foul Ball, location: 2F
2-2: SINGLE (Groundball, 15) (infield hit)
Batting: RHB Pedro Santos 0-0: Called Strike
0-1: Ball
1-1: Foul Ball, location: 2F
1-2: Strikes out looking
Batting: RHB Carlos Maldonado 0-0: Ball
1-0: SINGLE (Line Drive, 78S)
Ramón Gómez to second
Batting: LHB Mario Ramos 0-0: Called Strike
0-1: Ball
1-1: Called Strike
1-2: Ball
2-2: Ball
3-2: Strikes out swinging
Top of the 3rd over - 0 runs, 2 hits, 0 errors, 2 left on base; Grafton 1 - New Amsterdam 5
BOTTOM OF THE 3RD
New Amsterdam Dutchmen batting - Pitching for Grafton Middies : RHP Don Blessing
Batting: RHB Mario Rivera 0-0: Ball
1-0: SINGLE (Line Drive, 8RS)
Batting: RHB David Pérez 0-0: Ball
1-0: Ball
2-0: Called Strike
2-1: Ball
Mario Rivera is caught stealing 2nd base
3-1: Base on Balls
Batting: RHB Jon Osterman 0-0: Ball
1-0: Called Strike
David Pérez steals 2nd base
1-1: Ball
2-1: Foul Ball, location: 2F
2-2: Strikes out swinging
Batting: RHB Enrique Morales 0-0: Ball
1-0: Ball
2-0: Called Strike
2-1: Ball
3-1: SINGLE (Groundball, 6MD)
David Pérez to third
Runner from 3rd tries for Home, SAFE, no throw
Batting: LHB SaQwan Hackett 0-0: Foul Ball, location: 2F
0-1: Ball
Enrique Morales is caught stealing 2nd base
Bottom of the 3rd over - 1 run, 2 hits, 0 errors, 0 left on base; Grafton 1 - New Amsterdam 6
TOP OF THE 4TH
Grafton Middies batting - Pitching for New Amsterdam Dutchmen : LHP Walt Coffman
Batting: RHB Stefano Gaddi 0-0: Called Strike
0-1: Ball
1-1: Ball
2-1: Ball
3-1: Fly out, F8 (Flyball, 8LD)
Batting: LHB Phil MacNamara 0-0: Called Strike
0-1: Swinging Strike
0-2: Ball
1-2: Ball
2-2: Ground out 6-3 (Groundball, 6)
Batting: LHB Jorge Flores 0-0: Ball
1-0: SINGLE (Line Drive, 9S)
Batting: RHB Orlando Reyes 0-0: Swinging Strike
0-1: Ball
1-1: Fly out, F8 (Flyball, 89M)
Top of the 4th over - 0 runs, 1 hit, 0 errors, 1 left on base; Grafton 1 - New Amsterdam 6
BOTTOM OF THE 4TH
New Amsterdam Dutchmen batting - Pitching for Grafton Middies : RHP Don Blessing
Batting: LHB SaQwan Hackett 0-0: Ground out 4-3 (Groundball, 4)
Batting: LHB Félix López 0-0: Ball
1-0: Ball
2-0: Foul Ball, location: 2F
2-1: Ground out 5-3 (Groundball, 56S)
Batting: LHB Jorge Vargas 0-0: Ball
1-0: Ground out 1-3 (Groundball, P)
Bottom of the 4th over - 0 runs, 0 hits, 0 errors, 0 left on base; Grafton 1 - New Amsterdam 6
TOP OF THE 5TH
Grafton Middies batting - Pitching for New Amsterdam Dutchmen : LHP Walt Coffman
Batting: LHB Juan Caro 0-0: Called Strike
0-1: Ball
1-1: Ball
2-1: Called Strike
2-2: Reached on error, E3 (Groundball, 34)
Batting: RHB Ramón Gómez 0-0: Called Strike
0-1: Ball
1-1: Called Strike
1-2: Strikes out swinging
Batting: RHB Pedro Santos 0-0: Swinging Strike
0-1: Ball
Juan Caro is caught stealing 2nd base
1-1: Foul Ball, location: 2F
1-2: Ball
2-2: Ball
3-2: Fly out, F9 (Flyball, 9LD)
Top of the 5th over - 0 runs, 0 hits, 1 error, 0 left on base; Grafton 1 - New Amsterdam 6
BOTTOM OF THE 5TH
New Amsterdam Dutchmen batting - Pitching for Grafton Middies : RHP Don Blessing
Batting: RHB John Burton 0-0: Ground out 5-3 (Groundball, 56S)
Batting: LHB Cornelius Taitt 0-0: Called Strike
0-1: Called Strike
0-2: Ground out 4-3 (Groundball, 4)
Batting: RHB Mario Rivera 0-0: Foul Ball, location: 2F
0-1: Fly out, F9 (Line Drive, 9LM)
Bottom of the 5th over - 0 runs, 0 hits, 0 errors, 0 left on base; Grafton 1 - New Amsterdam 6
TOP OF THE 6TH
Grafton Middies batting - Pitching for New Amsterdam Dutchmen : LHP Walt Coffman
Batting: RHB Carlos Maldonado 0-0: Ball
1-0: Ball
2-0: Fly out, F9 (Line Drive, 9S)
Batting: LHB Mario Ramos 0-0: Ball
1-0: Ball
2-0: SINGLE (Line Drive, 9S)
Batting: RHB Stefano Gaddi 0-0: Called Strike
0-1: Foul Ball, location: 2F
0-2: Ground out 6-3 (Groundball, 6S)
Mario Ramos to second
Batting: LHB Phil MacNamara 0-0: Ball
1-0: Ground out 4-3 (Groundball, 4S)
Top of the 6th over - 0 runs, 1 hit, 0 errors, 1 left on base; Grafton 1 - New Amsterdam 6
BOTTOM OF THE 6TH
New Amsterdam Dutchmen batting - Pitching for Grafton Middies : RHP Don Blessing
Pitching: RHP Bob Browning
Batting: RHB David Pérez 0-0: Ball
1-0: Called Strike
1-1: Ball
2-1: DOUBLE (Flyball, 89XD)
Batting: RHB Jon Osterman 0-0: Ball
Wild Pitch!
David Pérez to third
1-0: Foul Ball, location: 2F
1-1: Fly out, F8 (Flyball, 8LS)
Runner from 3rd tags up, SCORES, no throw
Batting: RHB Enrique Morales 0-0: Ball
1-0: Foul Ball, location: 2F
1-1: Foul Ball, location: 2F
1-2: Ball
2-2: Ball
3-2: SINGLE (Groundball, 56D)
Batting: LHB SaQwan Hackett 0-0: Ball
1-0: Called Strike
1-1: Ball
2-1: Grounds into double play, 4-6-3 (Groundball, 34)
Bottom of the 6th over - 1 run, 2 hits, 0 errors, 0 left on base; Grafton 1 - New Amsterdam 7
TOP OF THE 7TH
Grafton Middies batting - Pitching for New Amsterdam Dutchmen : LHP Walt Coffman
Batting: LHB Jorge Flores 0-0: Ground out 4-3 (Groundball, 4)
Batting: RHB Orlando Reyes 0-0: Called Strike
0-1: Ball
1-1: Called Strike
1-2: Strikes out swinging
Batting: LHB Juan Caro 0-0: Swinging Strike
0-1: Ball
1-1: Ball
2-1: Fly out, F8 (Flyball, 8LM)
Top of the 7th over - 0 runs, 0 hits, 0 errors, 0 left on base; Grafton 1 - New Amsterdam 7
BOTTOM OF THE 7TH
New Amsterdam Dutchmen batting - Pitching for Grafton Middies : RHP Bob Browning
Batting: LHB Félix López 0-0: Swinging Strike
0-1: Called Strike
0-2: Foul Ball, location: 2F
0-2: Foul Ball, location: 2F
0-2: Ball
1-2: Foul Ball, location: 2F
1-2: Foul Ball, location: 2F
1-2: Strikes out swinging
Batting: LHB Jorge Vargas 0-0: Ball
1-0: Ball
2-0: Ball
3-0: Base on Balls
Batting: RHB John Burton 0-0: Foul Ball, location: 2F
0-1: SINGLE (Groundball, 4MD)
Jorge Vargas to second
Batting: LHB Cornelius Taitt 0-0: SINGLE (Line Drive, 9S)
Jorge Vargas to third
John Burton to second
Runner from 3rd tries for Home, throw and OUT!
John Burton to third
Cornelius Taitt to second
Batting: RHB Mario Rivera 0-0: Ball
1-0: Foul Ball, location: 2F
1-1: Ball
2-1: Foul Ball, location: 2F
2-2: Ball
3-2: DOUBLE (Line Drive, 9D)
John Burton scores
Cornelius Taitt scores
Batting: RHB David Pérez 0-0: Foul Ball, location: 2F
0-1: Foul Ball, location: 2F
0-2: Ball
1-2: Strikes out swinging
Bottom of the 7th over - 2 runs, 3 hits, 0 errors, 1 left on base; Grafton 1 - New Amsterdam 9
TOP OF THE 8TH
Grafton Middies batting - Pitching for New Amsterdam Dutchmen : LHP Walt Coffman
Batting: RHB Ramón Gómez 0-0: Ball
1-0: TRIPLE (Flyball, 9D)
Batting: RHB Pedro Santos 0-0: Called Strike
0-1: Fly out, F8 (Flyball, 89S)
Runner from 3rd tags up, SCORES, no throw
Batting: RHB Carlos Maldonado 0-0: Fly out, F8 (Flyball, 8LM)
Batting: LHB Mario Ramos 0-0: Ground out 4-3 (Groundball, 4)
Top of the 8th over - 1 run, 1 hit, 0 errors, 0 left on base; Grafton 2 - New Amsterdam 9
BOTTOM OF THE 8TH
New Amsterdam Dutchmen batting - Pitching for Grafton Middies : RHP Bob Browning
Batting: RHB Jon Osterman 0-0: Called Strike
0-1: Ball
1-1: Ball
2-1: Called Strike
2-2: DOUBLE (Flyball, 89D)
Batting: RHB Enrique Morales 0-0: Called Strike
0-1: Ball
1-1: Called Strike
1-2: Ground out 6-3 (Groundball, 6)
Jon Osterman to third
Batting: LHB SaQwan Hackett 0-0: Ball
1-0: Called Strike
1-1: Ball
2-1: Foul Ball, location: 2F
2-2: Strikes out looking
Batting: LHB Félix López 0-0: Ball
1-0: Foul Ball, location: 2F
1-1: Called Strike
1-2: Ball
2-2: Ball
3-2: Base on Balls
Batting: LHB Jorge Vargas 0-0: Fly out, F8 (Flyball, 8RS)
Bottom of the 8th over - 0 runs, 1 hit, 0 errors, 2 left on base; Grafton 2 - New Amsterdam 9
TOP OF THE 9TH
Grafton Middies batting - Pitching for New Amsterdam Dutchmen : LHP Walt Coffman
Batting: RHB Stefano Gaddi 0-0: Ball
1-0: Ball
2-0: Foul Ball, location: 2F
2-1: Foul Ball, location: 2F
2-2: Ball
3-2: Strikes out looking
Batting: LHB Phil MacNamara 0-0: Swinging Strike
0-1: Ball
1-1: Foul Ball, location: 2F
1-2: Ball
2-2: Strikes out looking
Batting: LHB Jorge Flores 0-0: Called Strike
0-1: Ball
1-1: Called Strike
1-2: Strikes out swinging
Top of the 9th over - 0 runs, 0 hits, 0 errors, 0 left on base; Grafton 2 - New Amsterdam 9
Sunday, March 18th, 2018 - OOTP Baseball 18.8 Build 76